 Dungeon Crawl Stone Soup version 0.19-a0-1714-gcab94ab (webtiles) character file.

7182 kae the Severer (level 10, -16/77 HPs)
             Began as a Minotaur Fighter on Sept 28, 2016.
             Was a Believer of Makhleb.
             Demolished by a hill giant
             ... wielding a +0 giant spiked club
              (41 damage)
             ... on level 10 of the Dungeon.
             The game lasted 00:10:05 (8968 turns).

kae the Severer (Minotaur Fighter)                  Turns: 8968, Time: 00:10:06

Health: -16/77     AC: 11    Str: 24    XL:     10   Next: 86%
Magic:  11/11      EV: 10    Int:  6    God:    Makhleb [**....]
Gold:   496        SH:  0    Dex: 11    Spells: 0 memorised, 9 levels left

rFire  . . .     SeeInvis +     G - +0 battleaxe
rCold  . . .     Gourm    .     r - +1 swamp dragon armour
rNeg   . . .     Faith    .     (shield currently unavailable)
rPois  +         Spirit   .     (helmet restricted)
rElec  .         Dismiss  .     (no cloak)
rCorr  .         Reflect  .     o - +0 pair of gloves
MR     +....     Harm     .     (no boots)
Stlth  +......... Clarity  +    (no amulet)
                                y - ring of see invisible
                                v - ring of protection from magic

@: no status effects
A: retaliatory headbutt, horns 2, blurry vision 1, clarity, strong 1
a: Minor Destruction, Renounce Religion


You were on level 10 of the Dungeon.
You worshipped Makhleb.
Makhleb was pleased with you.
You were not hungry.

You visited 2 branches of the dungeon, and saw 11 of its levels.

You collected 496 gold pieces.

Inventory:

Hand Weapons
 a - a +1 war axe
 G - a +0 battleaxe (weapon)
Armour
 c - a +0 shield
 o - a +0 pair of gloves (worn)
 r - a +1 swamp dragon armour (worn)
Jewellery
 m - an uncursed ring of positive energy
 u - an uncursed ring of positive energy
 v - a ring of protection from magic (left hand)
 y - a ring of see invisible (right hand)
Wands
 B - a wand of slowing (46/48)
Scrolls
 d - 3 scrolls of magic mapping
 e - 2 scrolls of remove curse
 g - 2 scrolls of enchant weapon
 w - 4 scrolls of identify
 C - a scroll of recharging
 E - a scroll of teleportation
 F - 2 scrolls of amnesia
Potions
 b - a potion of lignification {unknown}
 k - 2 potions of flight
 z - 3 potions of curing
 I - 2 potions of degeneration {unknown}
Books
 l - a book of Cantrips

   Spells                             Type                      Level
   a - Confusing Touch                Hexes                        1
   b - Animate Skeleton               Necromancy                   1
   c - Summon Small Mammal            Summoning                    1
   d - Apportation                    Translocation                1
 p - a book of Changes

   Spells                             Type                      Level
   a - Beastly Appendage              Transmutation                1
   b - Sticks to Snakes               Transmutation                2
   c - Spider Form                    Transmutation/Poison         3
   d - Ice Form                       Ice/Transmutation            4
   e - Blade Hands                    Transmutation                5
Comestibles
 f - 9 bread rations
 j - 3 meat rations
 n - 7 fruits
 q - 3 beef jerkies
 t - 9 slices of pizza


   Skills:
 - Level 3.6 Fighting
 * Level 18.1 Axes
 - Level 3.6 Armour
 - Level 3.6 Shields
 + Level 2.8 Invocations


You had 9 spell levels left.
You didn't know any spells.

Dungeon Overview and Level Annotations

Branches:
Dungeon (10/15)            Temple (1/1) D:6             Orc (0/2) D:9
   Lair: D:8-11

Altars:
Ashenzari
Cheibriados
Fedhas
Kikubaaqudgha
Makhleb
Trog
Xom
Yredelemnul
Zin
The Shining One
Beogh

Annotations:
D:10 DEFE's ghost, journeyman HuWr


Innate Abilities, Weirdness & Mutations

You reflexively headbutt those who attack you in melee.
You have a pair of horns on your head.
Scrolls take you a little longer to read.
You possess an exceptional clarity of mind.
Your muscles are strong. (Str +2)


Message History

The hill giant is moderately wounded.
You hit the hill giant.
The hill giant is moderately wounded.
The hill giant closely misses you. You furiously retaliate!
You headbutt the hill giant.
You hit the hill giant but do no damage.
The hill giant is moderately wounded.
The hill giant hits you with a giant spiked club!
* * * LOW HITPOINT WARNING * * *
You are too injured to fight recklessly!
You are too injured to fight recklessly!
You are too injured to fight recklessly!
You are too injured to fight recklessly!
You are too injured to fight recklessly!
There is an open door here.
There is an open door here.
There is an escape hatch in the ceiling here.
The hill giant hits you with a giant spiked club!!!
Ouch! That really hurt!
You die...

..#######'##
###.# ##...#
#..###
###'#####
#.......#
###.#####.#
#.C.#...#.#
#@###.#.#.#
#.#...#.[.#
#.#.#####)#
..#.#.....#
###.#.#.###
#...#<..#
#########


You could see a hill giant.

Vanquished Creatures
  Erica (D:8)
  The ghost of kae the Cleaver, a journeyman FoFi of Makhleb (D:8)
  The ghost of dobroeutro the Cleaver, a novice DsFi of Okawaru (D:9)
  3 trolls
  2 hippogriffs (D:9)
  A yak (D:8)
  3 hogs (D:8)
  A human (D:8)
  A vampire mosquito (D:7)
  An ice beast (D:6)
  3 orc warriors
  A phantom (D:4)
  7 ogres
  A crocodile (D:8)
  2 centaurs
  The ghost of Vasilisck the Sneak, an amateur OpMo (D:3)
  2 big kobolds (D:9)
  2 bullfrogs
  A wyvern skeleton (D:8)
  A water moccasin skeleton (D:9)
  2 scorpions
  A howler monkey (D:4)
  2 crimson imps
  3 hounds
  13 orc wizards
  A bullfrog skeleton (D:10)
  10 orc priests
  A jelly (D:6)
  2 gnoll shamans
  8 iguanas
  6 worker ants
  A killer bee zombie (D:7)
  A worker ant zombie (D:7)
  13 adders
  15 gnolls
  An ooze (D:5)
  2 adder zombies
  6 adder skeletons
  A dart slug (D:2)
  The ghost of Charly the Sneak, a weakling SpEn (D:6)
  3 leopard geckos
  27 orcs
  4 ball pythons (D:3)
  5 giant cockroaches
  7 hobgoblins
  6 jackals
  2 quokkas
  8 bats
  5 frilled lizards
  4 goblins
  20 kobolds
  A quokka skeleton (D:4)
  6 rats
224 creatures vanquished.

Vanquished Creatures (others)
  7 toadstools (D:1)
7 creatures vanquished.

Grand Total: 231 creatures vanquished

Notes
Turn   | Place    | Note
-------+----------+-------------------------------------------
     0 | D:1      | kae the Minotaur Fighter began the quest for the Orb.
     0 | D:1      | Reached XP level 1. HP: 19/19 MP: 0/0
   182 | D:1      | Reached skill level 3 in Axes
   233 | D:1      | Reached XP level 2. HP: 20/26 MP: 1/1
   674 | D:2      | Reached skill level 4 in Axes
   674 | D:2      | Reached XP level 3. HP: 25/31 MP: 2/2
   745 | D:2      | You fall through a shaft for 2 floors!
   858 | D:2      | Reached skill level 5 in Axes
  1089 | D:2      | Reached XP level 4. HP: 39/39 MP: 3/3
  1182 | D:3      | Found a faded altar of an unknown god.
  1213 | D:3      | Noticed Vasilisck's ghost (amateur OpMo)
  1234 | D:3      | Killed Vasilisck's ghost
  1234 | D:3      | Reached skill level 6 in Axes
  1234 | D:3      | Reached XP level 5. HP: 20/45 MP: 4/4
  1667 | D:4      | Reached skill level 7 in Axes
  1803 | D:4      | Reached XP level 6. HP: 30/51 MP: 5/5
  2033 | D:4      | Reached skill level 8 in Axes
  2141 | D:4      | Reached skill level 9 in Axes
  2520 | D:4      | Reached XP level 7. HP: 57/57 MP: 6/6
  2645 | D:5      | Entered Level 5 of the Dungeon
  2853 | D:5      | Reached skill level 10 in Axes
  3607 | D:6      | Found a staircase to the Ecumenical Temple.
  3678 | D:6      | Reached skill level 11 in Axes
  3696 | Temple   | Entered the Ecumenical Temple
  3713 | Temple   | Became a worshipper of Makhleb the Destroyer
  3929 | D:6      | Reached XP level 8. HP: 40/64 MP: 7/7
  4224 | D:6      | Noticed Charly's ghost (weakling SpEn)
  4228 | D:6      | Killed Charly's ghost
  4403 | D:7      | Reached skill level 12 in Axes
  4503 | D:7      | Found a blossoming altar of Fedhas.
  5341 | D:7      | Noticed a troll
  5343 | D:7      | Noticed a troll
  5351 | D:7      | Gained mutation: Your muscles are strong. (Str +2) [potion of mutation]
  5351 | D:7      | Gained mutation: You possess an exceptional clarity of mind. [potion of mutation]
  5351 | D:7      | Gained mutation: Scrolls take you a little longer to read. [potion of mutation]
  5359 | D:7      | Killed a troll
  5359 | D:7      | Reached skill level 13 in Axes
  5364 | D:7      | Killed a troll
  5364 | D:7      | Reached XP level 9. HP: 27/70 MP: 8/8
  5366 | D:7      | Reached skill level 14 in Axes
  5830 | D:8      | Noticed kae's ghost (journeyman FoFi)
  5840 | D:8      | Killed kae's ghost
  5840 | D:8      | Reached skill level 15 in Axes
  6040 | D:8      | Reached * piety under Makhleb
  6233 | D:8      | Noticed Erica
  6293 | D:8      | Killed Erica
  6293 | D:8      | Reached skill level 16 in Axes
  6424 | D:8      | Reached XP level 10. HP: 74/77 MP: 9/9
  7376 | D:9      | Reached skill level 17 in Axes
  7464 | D:9      | Found a staircase to the Orcish Mines.
  7469 | D:9      | Noticed dobroeutro's ghost (novice DsFi)
  7492 | D:9      | Killed dobroeutro's ghost
  7839 | D:9      | Reached skill level 1 in Invocations
  7871 | D:9      | Reached ** piety under Makhleb
  8032 | D:9      | Found a roughly hewn altar of Beogh.
  8321 | D:9      | Reached skill level 18 in Axes
  8490 | D:10     | Entered Level 10 of the Dungeon
  8524 | D:10     | Noticed DEFE's ghost (journeyman HuWr)
  8947 | D:10     | Noticed a hill giant
  8968 | D:10     | Demolished by a hill giant

Vault maps used:
D:1:      nagdon_arrival_double_spiral, serial_forest,
          infiniplex_forest_corner_2, infiniplex_forest_lined_2,
          infiniplex_forest_end_2, infiniplex_forest_straight_1,
          infiniplex_forest_3_way, infiniplex_forest_straight_4,
          infiniplex_forest_lined_4_way
D:2:      first_bread, hangedman_decor_clover_reticule
D:3:      ecumenical_altar_1, portal_sewer_entry_b
D:5:      hangedman_decor_push, nrook_loot_triangle
D:7:      minmay_blocky_corners, david_defended_altar_elf
D:8:      grunt_livestock, kennysheep_minor_cross, uniq_erica
D:9:      minmay_orc_entry_temple_small
D:10:     minivault_25
Temple:   nicolae_temple_the_god_donut

Skill      XL: |  1  2  3  4  5  6  7  8  9 10 |
---------------+-------------------------------+-----
Axes           | 3 4 5 6 7 9 11 13 16 18 | 18.1
Invocations    | 2 |  2.8
Fighting       | |  3.6
Armour         | |  3.6
Shields        | |  3.6

Action                   |  1- 3 |  4- 6 |  7- 9 | 10-12 || total
-------------------------+-------+-------+-------+-------++-------
Melee: War axe           |    90 |   107 |   236 |   112 ||   545
       Headbutt          |    15 |    15 |    41 |    39 ||   110
       Battleaxe         |       |       |       |   167 ||   167
Evoke: Wand              |       |       |     1 |       ||     1
  Use: Scroll            |       |     8 |    10 |     1 ||    19
       Potion            |       |       |     6 |     4 ||    10
  Eat: Chunk             |       |     4 |    15 |     8 ||    27
Armor: Scale mail        |    51 |     5 |       |       ||    56
       Ring mail         |       |    25 |    35 |       ||    60
       Swamp dragon armo |       |       |    15 |    87 ||   102
Dodge: Dodged            |    26 |    25 |    54 |    87 ||   192
Block: Shield            |    50 |    68 |    69 |    38 ||   225
